 Dungeon Crawl Stone Soup version 0.30-a0-165-g1891117ce2 (webtiles) character file.

Game seed: 10001933949076245853

5049 qw the Cleaver (level 10, -23/63 HPs)
             Began as a Gargoyle Fighter on Sept 28, 2022.
             Annihilated by Gastronok (25 damage)
             ... on level 9 of the Dungeon.
             The game lasted 00:02:57 (9204 turns).

qw the Cleaver (Gargoyle Fighter)                   Turns: 9204, Time: 00:02:58

Health: -23/63     AC: 19    Str: 25    XL:     10   Next: 56%
Magic:  10/10      EV: 11    Int:  8    God:
Gold:   377        SH: 11    Dex: 15    Spells: 9/9 levels left

rFire   + + +      SeeInvis .    Y - +4 war axe
rCold   + + .      Faith    .    n - +0 kite shield
rNeg    + . .      Spirit   .    e - +3 ring mail "Elathrut" {rF++ rC+ Slay+4 Stlth-}
rPois   inf        Reflect  .    p - +2 helmet
rElec   +          Harm     .    l - scarf {rC+ rF+}
rCorr   .          Rampage  .    (no gloves)
Will    .....                    (no boots)
Stlth   ..........               (no amulet)
HPRegen 0.20/turn                c - +6 ring of dexterity
MPRegen 0.12/turn                (no ring)

@: slowed, very slow
A: sickness immunity, AC +7, negative energy resistance 1, electricity
resistance, torment resistance 1, petrification resistance
a: no special abilities


You were on level 9 of the Dungeon.
You visited 2 branches of the dungeon, and saw 10 of its levels.

You collected 487 gold pieces.
You spent 110 gold pieces at shops.


Innate Abilities, Weirdness & Mutations

You are immune to sickness and miasma.
Your stone body is resilient. (AC +7)
You are immune to poison.
You resist negative energy. (rN+)
You are resistant to electric shocks. (rElec)
You are resistant to unholy torment.
You are immune to petrification.


   Skills:
 + Level 7.4 Fighting
 - Level 10.1 Axes
 - Level 1.1 Throwing
 - Level 4.0 Armour
 - Level 3.0 Dodging
 - Level 9.0 Shields


You had 9 spell levels left.
You didn't know any spells.
Your spell library was empty.

Inventory:

Hand Weapons
 o - a -2 eveningstar
 Y - a +4 war axe (weapon)
Missiles
 f - 6 boomerangs (quivered)
Armour
 e - the +3 ring mail "Elathrut" (worn) {rF++ rC+ Slay+4 Stlth-}
   (You found it on level 6 of the Dungeon)

   Slay:      It affects your accuracy & damage with ranged weapons and melee
   (+4).
   rF:        It greatly protects you from fire.
   rC:        It protects you from cold.
   Stlth:     It makes you less stealthy.
 g - a +0 cloak
 h - a +0 plate armour
 l - a scarf of resistance (worn)
 n - a +0 kite shield (worn)
 p - a +2 helmet (worn)
Jewellery
 c - a +6 ring of dexterity (left hand)
 j - a ring of ice
Scrolls
 a - 2 scrolls of identify
Potions
 b - a potion of mutation
 d - 3 potions of might
 i - 3 potions of heal wounds
 k - 6 potions of curing
 m - a potion of lignification

Dungeon Overview and Level Annotations

Branches:
Dungeon (9/15)             Temple (1/1) D:7             Orc (0/2) D:9
   Lair: D:8-11

Altars:
Cheibriados
Dithmenos
Fedhas
Gozag
Hepliaklqana
Kikubaaqudgha
Makhleb
Nemelex Xobeh
Qazlal
Ru
Trog
Uskayaw
Vehumet
Yredelemnul
The Shining One

Shops:
D:2 *   D:4 *   D:5 *

Annotations:
D:9 Gastronok


Message History

The boomerang completely misses the kobold.
Throw: 6 boomerangs
Press: ? - help, Q - select action Shift-Dir - straight line, f/p - kobold You throw a boomerang.
The boomerang hits the kobold!
You kill the kobold!
As you open the door, it creaks loudly!
Found a ring mail.
There is an open door here.
Gastronok the Ponderous comes into view.
Gastronok gurgles horribly!
A gnoll sergeant comes into view.
It is wielding a +2 spear of distortion.
The gnoll sergeant shouts!
A gnoll comes into view. It is wielding a +0 trident.
The gnoll shouts!
You block the gnoll sergeant's attack.
You slice Gastronok!!
Gastronok is lightly wounded.
A gnoll comes into view. It is wielding a +0 spear.
The gnoll sergeant hits you but does no damage.
Space warps horribly around you!! Gastronok casts a spell at you.
You feel yourself slow down.
You slash Gastronok!
Gastronok is moderately wounded.
The gnoll sergeant hits you from afar with a +2 spear of distortion.
You blink.
The gnoll sergeant closely misses you. Gastronok bites you but does no damage.
The gnoll sergeant hits you but does no damage.
Space warps horribly around you!!
You slash Gastronok!
Gastronok is moderately wounded.
Gastronok casts a spell at you.
You feel as though you will be slow longer.
The gnoll barely misses you. You block the gnoll sergeant's attack.
You slice Gastronok!!
Gastronok is heavily wounded.
You block the gnoll's attack.
The gnoll sergeant hits you from afar with a +2 spear of distortion.
Space warps horribly around you! Gastronok bites you!!
You die...

####################
......................
..............#.......
.............@#.......
.................wg...#
.........#.......gg......
.......>......$[..!......
.........................
.......###'##########..##
.......#.......... ....
.......#.......... ...
.......#.)........ ..


You could see Gastronok, a gnoll sergeant and 2 gnolls.

Vanquished Creatures
  A two-headed ogre (D:8)
  Joseph (D:7)
  A hornet (D:6)
  A troll (D:7)
  A steam dragon (D:8)
  An acid dragon (D:8)
  3 water moccasins
  2 orc warriors
  2 sky beasts (D:7)
  An ice beast (D:7)
  2 black bears
  2 ogres (D:5)
  5 bullfrogs
  8 scorpions
  2 necrophages
  4 wights
  2 howler monkeys
  An electric eel (D:7)
  A gnoll bouda (D:8)
  3 hounds
  2 jellies
  8 orc priests
  4 iguanas
  10 orc wizards
  8 gnolls
  20 adders
  A shadow imp (D:6)
  A white imp (D:5)
  An ufetubus (D:6)
  A worm (D:4)
  2 dart slugs
  36 orcs
  10 ball pythons
  2 endoplasms
  A giant cockroach (D:1)
  A goblin (D:1)
  4 hobgoblins
  A quokka (D:2)
  10 bats
  4 frilled lizards
  6 kobolds
  3 rats
180 creatures vanquished.

Vanquished Creatures (others)
  6 fungi (D:7)
  A plant (D:9)
7 creatures vanquished.

Grand Total: 187 creatures vanquished

Notes
Turn   | Place    | Note
-------+----------+-------------------------------------------
     0 | D:1      | qw the Gargoyle Fighter began the quest for the Orb.
     0 | D:1      | Reached XP level 1. HP: 14/14 MP: 1/1
     0 | D:1      | 0 ||| qw: Version: 0.2-a-12-gaebbb33
     0 | D:1      | 0 ||| qw: Game counter: 855
     0 | D:1      | 0 ||| qw: Always use a shield: true
     0 | D:1      | 0 ||| qw: God list: Okawaru
     0 | D:1      | 0 ||| qw: Allow faded altars: false
     0 | D:1      | 0 ||| qw: Do Orc after D:15 true
     0 | D:1      | 0 ||| qw: Do second Lair branch before Depths: true
     0 | D:1      | 0 ||| qw: Lair rune preference: random
     0 | D:1      | 0 ||| qw: Plans: Normal, Zot:1-4, God:TSO, Crypt, Tomb,
                  | Pan, Slime:5, Hells, Abyss, Orb
     0 | D:1      | 0 ||| PLANNING D:1-11
   145 | D:1      | Found a faded altar of an unknown god.
   176 | D:1      | Reached skill level 2 in Axes
   309 | D:1      | 309 ||| Stepping ~*~*~tactically~*~*~ (stealth).
   332 | D:1      | Reached XP level 2. HP: 19/19 MP: 2/2
   389 | D:1      | 389 ||| Stepping ~*~*~tactically~*~*~ (hiding).
   735 | D:1      | Reached skill level 3 in Axes
   922 | D:1      | 922 ||| UPGRADING to +0 plate armour.
   932 | D:1      | 932 ||| DROPPING +0 scale mail.
   933 | D:1      | 933 ||| READING scroll labelled UKKOEDD HE REWK.
   934 | D:1      | 934 ||| READING scroll labelled VAECUA EQOE.
   935 | D:1      | 935 ||| READING scroll labelled JOYCRU JOUR.
   936 | D:1      | 936 ||| DRINKING 2 blue potions.
   937 | D:1      | 937 ||| DROPPING potion of magic.
  1115 | D:2      | Reached XP level 3. HP: 23/23 MP: 3/3
  1183 | D:2      | Found Genyseot's Assorted Antiques.
  1186 | D:2      | 1186 ||| Stepping ~*~*~tactically~*~*~ (hiding).
  1189 | D:2      | 1189 ||| Stepping ~*~*~tactically~*~*~ (hiding).
  1244 | D:2      | 1244 ||| BUYING coppery potion (26 gold).
  1244 | D:2      | Bought a coppery potion for 26 gold pieces
  1244 | D:2      | 1244 ||| SHOPLISTING pair of gloves (130 gold, have 65).
  1244 | D:2      | 1244 ||| SHOPLISTING runed kite shield (217 gold, have 65).
  1244 | D:2      | 1244 ||| BUYING scroll labelled DEIT OQAVAEZOG (29 gold).
  1244 | D:2      | Bought a scroll labelled DEIT OQAVAEZOG for 29 gold pieces
  1396 | D:2      | You fall into a shaft and drop 2 floors!
  1425 | D:4      | Reached skill level 4 in Axes
  1425 | D:4      | Reached XP level 4. HP: 17/28 MP: 4/4
  1582 | D:4      | 1582 ||| UPGRADING to +0 cloak.
  1587 | D:4      | 1587 ||| READING 2 scrolls labelled QAMACI ZADAEFA.
  1588 | D:4      | 1588 ||| READING scroll labelled DEIT OQAVAEZOG.
  1589 | D:4      | 1589 ||| DROPPING scroll of fear.
  1613 | D:3      | 1613 ||| FLEEEEING.
  1614 | D:3      | 1614 ||| FLEEEEING.
  1615 | D:3      | 1615 ||| FLEEEEING.
  1616 | D:3      | 1616 ||| FLEEEEING.
  1617 | D:3      | 1617 ||| FLEEEEING.
  1618 | D:3      | 1618 ||| FLEEEEING.
  1619 | D:3      | 1619 ||| FLEEEEING.
  1620 | D:3      | 1620 ||| FLEEEEING.
  1621 | D:3      | 1621 ||| FLEEEEING.
  1622 | D:3      | 1622 ||| FLEEEEING.
  1623 | D:3      | 1623 ||| FLEEEEING.
  1624 | D:3      | 1624 ||| STAIRDANCE
  2036 | D:3      | Reached XP level 5. HP: 32/32 MP: 5/5
  2046 | D:3      | 2046 ||| STAIRDANCE
  2237 | D:3      | Reached skill level 5 in Axes
  2317 | D:3      | 2317 ||| Stepping ~*~*~tactically~*~*~ (stealth).
  2318 | D:3      | 2318 ||| Stepping ~*~*~tactically~*~*~ (stealth).
  2460 | D:3      | 2460 ||| Stepping ~*~*~tactically~*~*~ (hiding).
  2466 | D:3      | 2466 ||| Stepping ~*~*~tactically~*~*~ (stealth).
  2479 | D:3      | Reached XP level 6. HP: 28/38 MP: 6/6
  2877 | D:3      | 2877 ||| UPGRADING to scarf of resistance.
  2887 | D:3      | 2887 ||| UPGRADING to +0 helmet.
  2892 | D:3      | 2892 ||| READING scroll labelled VUNEOCSURIDGH.
  2893 | D:3      | 2893 ||| READING scroll labelled YLUJAET CAETU.
  2894 | D:3      | 2894 ||| READING scroll labelled RIUGRI JOROKA.
  2895 | D:3      | 2895 ||| DRINKING 2 fuming sapphire potions.
  2896 | D:3      | 2896 ||| DRINKING 2 coppery potions.
  2897 | D:3      | 2897 ||| DRINKING 2 fuming amethyst potions.
  2930 | D:3      | 2930 ||| READING 2 scrolls of identify.
  2930 | D:3      | 2930 ||| IDENTIFYING fizzy silvery potion
  2931 | D:3      | 2931 ||| DROPPING potion of ambrosia.
  2932 | D:3      | 2932 ||| DROPPING potion of flight.
  3235 | D:4      | Found Toogeal's Fire Supplies.
  3252 | D:4      | 3252 ||| SHOPLISTING +1 plate armour of fire resistance
                  | (490 gold, have 183).
  3252 | D:4      | 3252 ||| SHOPLISTING +2 pair of boots of fire resistance
                  | (301 gold, have 183).
  3348 | D:4      | Reached skill level 6 in Axes
  3646 | D:4      | 3646 ||| UPGRADING to +0 kite shield.
  3656 | D:4      | 3656 ||| DROPPING +0 buckler.
  3688 | D:4      | 3688 ||| Stepping ~*~*~tactically~*~*~ (stealth).
  3713 | D:5      | Entered Level 5 of the Dungeon
  3741 | D:5      | Reached XP level 7. HP: 42/43 MP: 7/7
  3821 | D:5      | Found Zokesa's Lightly-Used Armoury.
  3827 | D:5      | 3827 ||| BUYING -2 eveningstar (55 gold).
  3827 | D:5      | Bought a -2 eveningstar for 55 gold pieces
  3827 | D:5      | 3827 ||| SHOPLISTING -2 pearl dragon scales (990 gold, have
                  | 146).
  3827 | D:5      | 3827 ||| DROPPING +0 flail.
  4328 | D:5      | Reached skill level 6 in Shields
  4328 | D:5      | 4328 ||| FLEEEEING.
  4329 | D:5      | 4329 ||| FLEEEEING.
  4331 | D:5      | 4331 ||| FLEEEEING.
  4332 | D:5      | 4332 ||| FLEEEEING.
  4333 | D:5      | 4333 ||| FLEEEEING.
  4334 | D:5      | 4334 ||| FLEEEEING.
  4335 | D:5      | 4335 ||| FLEEEEING.
  4336 | D:5      | 4336 ||| FLEEEEING.
  4337 | D:5      | 4337 ||| FLEEEEING.
  4338 | D:5      | 4338 ||| FLEEEEING.
  4339 | D:5      | 4339 ||| FLEEEEING.
  4340 | D:5      | 4340 ||| FLEEEEING.
  4341 | D:5      | 4341 ||| FLEEEEING.
  4342 | D:5      | 4342 ||| FLEEEEING.
  4343 | D:5      | 4343 ||| FLEEEEING.
  4344 | D:5      | 4344 ||| FLEEEEING.
  4345 | D:5      | 4345 ||| FLEEEEING.
  4346 | D:5      | 4346 ||| FLEEEEING.
  4347 | D:5      | 4347 ||| FLEEEEING.
  4348 | D:5      | 4348 ||| FLEEEEING.
  4349 | D:5      | 4349 ||| FLEEEEING.
  4350 | D:5      | 4350 ||| FLEEEEING.
  4351 | D:5      | 4351 ||| FLEEEEING.
  4352 | D:5      | 4352 ||| FLEEEEING.
  4354 | D:5      | 4354 ||| FLEEEEING.
  4355 | D:5      | 4355 ||| FLEEEEING.
  4356 | D:5      | 4356 ||| FLEEEEING.
  4357 | D:5      | 4357 ||| FLEEEEING.
  4358 | D:5      | 4358 ||| FLEEEEING.
  4359 | D:5      | 4359 ||| FLEEEEING.
  4360 | D:5      | 4360 ||| FLEEEEING.
  4361 | D:5      | 4361 ||| FLEEEEING.
  4362 | D:5      | 4362 ||| FLEEEEING.
  4363 | D:5      | 4363 ||| FLEEEEING.
  4364 | D:5      | 4364 ||| FLEEEEING.
  4365 | D:5      | 4365 ||| FLEEEEING.
  4366 | D:5      | 4366 ||| FLEEEEING.
  4367 | D:5      | 4367 ||| FLEEEEING.
  4368 | D:5      | 4368 ||| FLEEEEING.
  4369 | D:5      | 4369 ||| FLEEEEING.
  4370 | D:5      | 4370 ||| FLEEEEING.
  4371 | D:5      | 4371 ||| FLEEEEING.
  4372 | D:5      | 4372 ||| FLEEEEING.
  4373 | D:5      | 4373 ||| FLEEEEING.
  4374 | D:5      | 4374 ||| FLEEEEING.
  4375 | D:5      | 4375 ||| FLEEEEING.
  4376 | D:5      | 4376 ||| FLEEEEING.
  4377 | D:5      | 4377 ||| FLEEEEING.
  4378 | D:5      | 4378 ||| FLEEEEING.
  4379 | D:5      | 4379 ||| FLEEEEING.
  4380 | D:5      | 4380 ||| FLEEEEING.
  4381 | D:5      | 4381 ||| FLEEEEING.
  4382 | D:5      | 4382 ||| FLEEEEING.
  4383 | D:5      | 4383 ||| FLEEEEING.
  4384 | D:5      | 4384 ||| FLEEEEING.
  4385 | D:5      | 4385 ||| FLEEEEING.
  4386 | D:5      | 4386 ||| FLEEEEING.
  4387 | D:5      | 4387 ||| FLEEEEING.
  4388 | D:5      | 4388 ||| FLEEEEING.
  4389 | D:5      | 4389 ||| STAIRDANCE
  4431 | D:4      | 4431 ||| UPGRADING to +6 ring of dexterity.
  4432 | D:4      | 4432 ||| READING scroll labelled SIOMOMMOFEF.
  4533 | D:4      | 4533 ||| DRINKING 2 inky potions.
  4544 | D:5      | Reached skill level 1 in Dodging
  4544 | D:5      | Reached XP level 8. HP: 38/48 MP: 8/8
  4544 | D:5      | 4544 ||| STAIRDANCE
  4641 | D:5      | 4641 ||| Stepping ~*~*~tactically~*~*~ (stealth).
  4642 | D:5      | 4642 ||| Stepping ~*~*~tactically~*~*~ (stealth).
  4858 | D:5      | Found a hide-covered altar of Uskayaw.
  5251 | D:5      | Reached skill level 7 in Axes
  5312 | D:5      | 5312 ||| READING 2 scrolls of identify.
  5312 | D:5      | 5312 ||| IDENTIFYING fizzy inky potion
  5359 | D:6      | 5359 ||| PLANNING OSSUARY
  5367 | D:6      | 5367 ||| Stepping ~*~*~tactically~*~*~ (hiding).
  5368 | D:6      | 5368 ||| Stepping ~*~*~tactically~*~*~ (hiding).
  5372 | D:6      | 5372 ||| STAIRDANCE
  5478 | D:6      | 5478 ||| STAIRDANCE
  5490 | D:6      | 5490 ||| STAIRDANCE
  5821 | D:6      | Noticed a hornet
  5832 | D:6      | HP: 10/49 [hornet (6)]
  5833 | D:6      | 5833 ||| DRINKING 2 potions of heal wounds.
  5839 | D:6      | HP: 9/49 [hornet (11)]
  5840 | D:6      | 5840 ||| DRINKING potion of heal wounds.
  5841 | D:6      | Killed a hornet
  6009 | D:6      | 6009 ||| RIP OSSUARY
  6019 | D:6      | Identified the +3 ring mail "Elathrut" {rF++ rC+ Slay+4
                  | Stlth-}
  6021 | D:6      | 6021 ||| PLANNING D:1-11
  6037 | D:6      | Reached XP level 9. HP: 53/54 MP: 9/9
  6224 | D:6      | 6224 ||| Stepping ~*~*~tactically~*~*~ (stealth).
  6225 | D:6      | 6225 ||| Stepping ~*~*~tactically~*~*~ (stealth).
  6388 | D:6      | 6388 ||| UPGRADING to +3 ring mail "Elathrut" {rF++ rC+
                  | Slay+4 Stlth-}.
  6398 | D:6      | 6398 ||| READING 2 scrolls of identify.
  6398 | D:6      | 6398 ||| IDENTIFYING grey potion
  6399 | D:6      | 6399 ||| DROPPING potion of degeneration.
  6465 | D:7      | Noticed Joseph
  6466 | D:7      | 6466 ||| Stepping ~*~*~tactically~*~*~ (hiding).
  6474 | D:7      | Killed Joseph
  6475 | D:7      | Reached skill level 8 in Axes
  6531 | D:7      | Found a flagged portal.
  6593 | D:7      | Found a staircase to the Ecumenical Temple.
  6594 | D:7      | 6594 ||| PLANNING TEMPLE
  6599 | Temple   | Entered the Ecumenical Temple
  6702 | Temple   | 6702 ||| PLANNING D:1-11
  6783 | D:7      | Reached skill level 6 in Fighting
  6899 | D:7      | 6899 ||| Stepping ~*~*~tactically~*~*~ (stealth).
  6935 | D:7      | Noticed a troll
  6947 | D:7      | HP: 12/55 [troll (6)]
  6947 | D:7      | HP: 3/55 [troll (5)]
  6948 | D:7      | 6948 ||| DRINKING potion of heal wounds.
  6952 | D:7      | Killed a troll
  6953 | D:7      | Reached skill level 9 in Axes
  7319 | D:7      | 7319 ||| READING 3 scrolls of enchant weapon.
  7319 | D:7      | 7319 ||| ENCHANTING +1 war axe.
  7320 | D:7      | 7320 ||| READING 2 scrolls of enchant weapon.
  7320 | D:7      | 7320 ||| ENCHANTING +2 war axe.
  7321 | D:7      | 7321 ||| READING scroll of enchant weapon.
  7321 | D:7      | 7321 ||| ENCHANTING +3 war axe.
  7476 | D:7      | Reached XP level 10. HP: 63/63 MP: 10/10
  7695 | D:8      | 7695 ||| Stepping ~*~*~tactically~*~*~ (hiding).
  7714 | D:8      | Reached skill level 9 in Shields
  7815 | D:8      | 7815 ||| Stepping ~*~*~tactically~*~*~ (stealth).
  7819 | D:8      | 7819 ||| Stepping ~*~*~tactically~*~*~ (hiding).
  7821 | D:8      | 7821 ||| Stepping ~*~*~tactically~*~*~ (hiding).
  7957 | D:8      | Found a sparkling altar of Nemelex Xobeh.
  8012 | D:8      | Noticed a two-headed ogre
  8025 | D:8      | HP: 3/63 [two-headed ogre/+0 giant spiked club (20)]
  8027 | D:8      | Killed a two-headed ogre
  8405 | D:8      | Identified the +5 flail "Noduth" {distort, rC++ SInv}
  8429 | D:8      | 8429 ||| Stepping ~*~*~tactically~*~*~ (stealth).
  8431 | D:8      | 8431 ||| Stepping ~*~*~tactically~*~*~ (hiding).
  8453 | D:8      | 8453 ||| Stepping ~*~*~tactically~*~*~ (stealth).
  8478 | D:8      | Reached skill level 10 in Axes
  8890 | D:8      | Identified the +7 long sword "Zuwkouta" {vorpal, rN+ Dex+7
                  | Stlth+}
  8924 | D:8      | 8924 ||| READING 3 scrolls labelled ETYAKHUTOGA.
  8925 | D:8      | 8925 ||| READING 2 scrolls of enchant armour.
  8925 | D:8      | 8925 ||| ENCHANTING +0 helmet.
  8926 | D:8      | 8926 ||| READING scroll of enchant armour.
  8926 | D:8      | 8926 ||| ENCHANTING +1 helmet.
  8965 | D:9      | 8965 ||| Stepping ~*~*~tactically~*~*~ (hiding).
  8967 | D:9      | 8967 ||| Stepping ~*~*~tactically~*~*~ (hiding).
  8970 | D:9      | 8970 ||| FLEEEEING.
  8973 | D:9      | 8973 ||| FLEEEEING.
  8974 | D:9      | 8974 ||| STAIRDANCE
  9026 | D:9      | 9026 ||| STAIRDANCE
  9029 | D:8      | Reached skill level 3 in Dodging
  9039 | D:9      | 9039 ||| Stepping ~*~*~tactically~*~*~ (stealth).
  9049 | D:9      | 9049 ||| Stepping ~*~*~tactically~*~*~ (stealth).
  9061 | D:9      | Found a staircase to the Orcish Mines.
  9098 | D:9      | Reached skill level 1 in Throwing
  9103 | D:9      | Found a radiant altar of Vehumet.
  9109 | D:9      | 9109 ||| FLEEEEING.
  9120 | D:9      | 9120 ||| FLEEEEING.
  9121 | D:9      | 9121 ||| FLEEEEING.
  9122 | D:9      | 9122 ||| FLEEEEING.
  9125 | D:9      | 9125 ||| STAIRDANCE
  9194 | D:9      | Noticed Gastronok
  9204 | D:9      | HP: 2/63 [gnoll sergeant/+2 spear of distortion (14)]
  9204 | D:9      | Annihilated by Gastronok

Levels and vault maps discovered:
D:1:      matt_arrival_refuge, layout_basic, dreamdust_ecumenical_altar_statues,
          minivault_23
D:2:      layout_basic, serial_shops,
          nicolae_shop_temple_entry_statues_fountains
D:3:      minmay_inner_zag, layout_rooms, minmay_snake_closets
D:4:      layout_loops_cross, nicolae_shop_fire_sale [nicolae_sub_dead_trees],
          nicolae_figureground_pulse
D:5:      kennysheep_spiral_hall, layout_loops_corners,
          mainiacjoe_overflow_alcove_1, minmay_shop_damaged, minmay_statues_item
D:6:      layout_cave_pools, nicolae_ossuary_entry_false_entrances
D:7:      old_forge, layout_basic, minmay_temple_entry_fiery, enter_bailey_6,
          kennysheep_cross_room, uniq_joseph
D:8:      layout_basic, nemelex_xobeh_ov_fountains_minmay, abandoned_shop,
          hangedman_decor_push, bh_walls_and_bars
D:9:      nzn_winding_woodlands_cross [nzn_winding_woodlands_5x15_crooked,
          nzn_winding_woodlands_5x15_parted,
          nzn_winding_woodlands_5x15_river_crossing,
          nzn_winding_woodlands_5x15_default,
          nzn_winding_woodlands_15x15_five_gardens], layout_stronghold,
          mainiacjoe_overflow_chevrons, mainiacjoe_overflow_alcove_4,
          lair_entry_dummy, hiddenorc2_lemuel, minmay_between, uniq_gastronok,
          uniq_pikel, uniq_maggie
Temple:   nicolae_temple_godzebo

Skill      XL: |  1  2  3  4  5  6  7  8  9 10 |
---------------+-------------------------------+-----
Axes           | 2 3 4 5 6 7 9 10 | 10.1
Fighting       | 4 5 7 |  7.4
Shields        | 4 6 7 8 9 |  9.0
Dodging        | 1 2 3 |  3.0
Armour         | 4 |  4.0
Throwing       | 1 |  1.1

Action                   |  1- 3 |  4- 6 |  7- 9 | 10-12 || total
-------------------------+-------+-------+-------+-------++-------
Melee: War axe           |    70 |   121 |   216 |   123 ||   530
Throw: Boomerang         |    30 |    26 |     3 |     2 ||    61
  Use: Scroll            |     3 |     6 |     6 |     3 ||    18
       Potion            |     1 |     3 |     4 |       ||     8
 Stab: Held in net/web   |       |       |     1 |       ||     1
Armor: Scale mail        |    14 |       |       |       ||    14
       Plate armour      |    44 |    93 |    76 |       ||   213
       Ring mail         |       |       |    28 |    32 ||    60
Dodge: Dodged            |    27 |    28 |    68 |    31 ||   154
Block: Buckler           |    14 |    24 |       |       ||    38
       Kite shield       |       |     3 |   107 |    57 ||   167

Table legend:
 A = Non-vault XP
 B = Vault XP
 C = Vault XP percentage of total XP
 D = Non-vault monster count
 E = Vault monster count
 F = Vault count percentage of total count
                 A         B        C        D         E       F
            +---------+---------+-------+---------+---------+-------
      Total |    5364 |    1850 |  25.6 |     116 |      64 |  35.6
            +---------+---------+-------+---------+---------+-------
        D:1 |      31 |       0 |   0.0 |      11 |       0 |   0.0
        D:2 |      45 |       0 |   0.0 |      13 |       0 |   0.0
        D:3 |     117 |     129 |  52.4 |      12 |      17 |  58.6
        D:4 |     272 |       0 |   0.0 |      15 |       0 |   0.0
        D:5 |     864 |     254 |  22.7 |      18 |       4 |  18.2
        D:6 |     824 |       0 |   0.0 |      10 |       0 |   0.0
        D:7 |    1447 |     887 |  38.0 |      16 |      13 |  44.8
        D:8 |    1749 |       3 |   0.2 |      19 |       1 |   5.0
        D:9 |      15 |     577 |  97.5 |       2 |      29 |  93.5
            +---------+---------+-------+---------+---------+-------
